 Dungeon Crawl Stone Soup version 0.17-a0-2101-g0c122e7 (webtiles) character file.

105233 4thArraOfDagon the Executioner (level 15, -25/130 HPs)
             Began as a Minotaur Fighter on Oct 18, 2015.
             Was the Champion of Makhleb.
             Killed from afar by a merfolk aquamancer (43 damage)
             ... with a great wave of water
             ... on level 2 of the Shoals.
             The game lasted 01:16:37 (10389 turns).

4thArraOfDagon the Executioner (Minotaur Fighter)  Turns: 10389, Time: 01:16:38

Health: -25/130    AC: 32    Str: 27    XL:     15   Next: 57%
Magic:  0/21       EV: 13    Int: 10    God:    Makhleb [******]
Gold:   283        SH:  0    Dex:  9    Spells: 4 memorised, 8 levels left

rFire  + . .     SeeInvis .     Y - +4 executioner's axe (flame)
rCold  + + +     Clarity  .     C - +8 chain mail of Inviolability {rC+ Str+4}
rNeg   + . .     SustAt   .     (no shield)
rPois  +         Gourm    .     R - +2 hat of the Bear Spirit {Spirit, +Rage rN+ MR++}
rElec  +         Spirit   +     m - +2 cloak of Starlight {rElec rC+ EV+4 Stlth--}
rCorr  .         Warding  .     y - +0 pair of gloves
rMut   .         Rnd*Tele +     K - +2 pair of boots {rF+}
MR     +++..                    g - amulet of regeneration
Stlth  ..........               k - ring of teleportation
                                F - ring of poison resistance

@: about to teleport, engulfed (cannot breathe), drained, extremely resistant to
hostile enchantments, extremely unstealthy
A: retaliatory headbutt, horns 2, cold resistance 1, mutation resistance 1, wild
magic 1
a: Minor Destruction, Lesser Servant of Makhleb, Major Destruction, Greater
Servant of Makhleb, Renounce Religion, Evoke Berserk Rage, Evoke Teleportation
}: 1/15 runes: barnacled


You were on level 2 of the Shoals.
You worshipped Makhleb.
Makhleb was exalted by your worship.
You were not hungry.

You visited 5 branches of the dungeon, and saw 31 of its levels.
You also visited: Labyrinth, Ossuary, Ice Cave and Volcano.

You collected 1814 gold pieces.
You spent 1531 gold pieces at shops.

Inventory:

Hand Weapons
 Y - a +4 executioner's axe of flaming (weapon)
Missiles
 P - 6 throwing nets (quivered)
Armour
 m - the +2 cloak of Starlight (worn) {rElec rC+ EV+4 Stlth--}
   (You bought it in a shop on level 4 of the Dungeon)

   It affects your evasion (+4).
   It protects you from cold.
   It insulates you from electricity.
   It makes you much less stealthy.
 y - a +0 pair of gloves (worn)
 C - the +8 chain mail of Inviolability (worn) {rC+ Str+4}
   (You found it on level 3 of the Shoals)

   It affects your strength (+4).
   It protects you from cold.
 K - a +2 pair of boots of fire resistance (worn)
 R - the +2 hat of the Bear Spirit (worn) {Spirit, +Rage rN+ MR++}
   (You bought it in a shop on level 11 of the Dungeon)

   It protects you from negative energy.
   It affects your resistance to hostile enchantments.
   It lets you go berserk.
Rods
 l - a +3 iron rod (10/10)
   (You found it in a labyrinth)
Jewellery
 g - an amulet of regeneration (around neck)
 h - an uncursed amulet of rage
 k - a ring of teleportation (right hand)
 D - an uncursed ring of protection from magic
 F - a ring of poison resistance (left hand)
 H - an uncursed ring of see invisible
 S - the amulet "Vepueg" {Gourm rElec MR+}
   (You found it on level 4 of the Shoals)

   [amulet of the gourmand]

   It allows you to eat raw meat even when not hungry.
   It insulates you from electricity.
   It affects your resistance to hostile enchantments.
Wands
 b - a wand of heal wounds (5)
 c - a wand of invisibility (5)
 G - a wand of enslavement (8)
 J - a wand of teleportation (6)
 V - a wand of random effects (12)
Scrolls
 p - 4 scrolls of recharging
 q - 6 scrolls of remove curse
 r - a scroll of holy word
 s - 5 scrolls of immolation
 w - a scroll of fog
 z - 2 scrolls of magic mapping
 I - 2 scrolls of summoning
 L - 2 scrolls of fear
 O - 3 scrolls of enchant armour
 Q - 4 scrolls of teleportation
Potions
 i - 5 potions of flight
 n - 4 potions of invisibility
 u - 3 potions of curing
 v - 2 potions of agility
 x - a potion of haste
 A - 3 potions of ambrosia
 E - 2 potions of resistance
 M - a potion of brilliance
 U - a potion of magic
 W - 4 potions of might
 X - 2 potions of heal wounds
 Z - a potion of berserk rage
Books
 B - a book of Enchantments

   Spells                             Type                      Level
   a - Cause Fear                     Hexes                        4
   b - Silence                        Hexes/Air                    5
   c - Deflect Missiles               Charms/Air                   6
   d - Haste                          Charms                       6
   e - Discord                        Hexes                        8
 T - a book of Transfigurations

   Spells                             Type                      Level
   a - Stoneskin                      Transmutation/Earth          2
   b - Irradiate                      Conjuration/Transmutation    5
   c - Statue Form                    Transmutation/Earth          6
   d - Hydra Form                     Transmutation                6
   e - Dragon Form                    Transmutation                7
Miscellaneous
 a - a fan of gales
 d - a box of beasts
 f - a plain deck of defence
 o - a plain deck of wonders {drawn: 3}
Comestibles
 e - 9 bread rations
 j - 8 meat rations
 t - 5 fruits
 N - a beef jerky


   Skills:
 - Level 11.2(10.8) Fighting
 * Level 21.0(20.5) Axes
 + Level 15.7(15.2) Armour
   Level 3.6(3.2) Shields
 + Level 1.1(0.8) Spellcasting
 * Level 1.9(1.6) Charms
 * Level 2.4(2.1) Necromancy
 * Level 2.3(2.0) Air Magic
 - Level 9.4(9.0) Invocations
 - Level 6.3(5.9) Evocations


You had 8 spell levels left.
You knew the following spells:

 Your Spells              Type           Power        Failure   Level  Hunger
a - Repel Missiles        Chrm/Air       #.....       92%         2    ###....
b - Regeneration          Chrm/Necr      #.........   99%         3    ####...
c - Animate Skeleton      Necr           N/A          77%         1    ##.....
d - Swiftness             Chrm/Air       #.......     92%         2    ###....


Dungeon Overview and Level Annotations

Branches:
Dungeon (14/15)            Temple (1/1) D:7            Lair (8/8) D:8
 Shoals (4/4) Lair:5          Orc (4/4) D:11            Elf (0/3) Orc:3
 Vaults (0/5) D:13
  Snake: Lair:3-6    Spider: Lair:3-6     Slime: Lair:6-8

Altars:
Ashenzari
Cheibriados
Dithmenos
Elyvilon
Fedhas
Gozag
Kikubaaqudgha
Makhleb
Nemelex Xobeh
Okawaru
Qazlal
Trog
Vehumet
Yredelemnul
Zin
Beogh

Shops:
D:4 [   D:11 ?[   D:14 %   Orc:3 }[:[[   Orc:4 *?([

Annotations:
D:11 Maurice
Lair:5 SHOALS
Lair:8 exclusion: oklob plant
Shoals:2 Polyphemus
Shoals:4 Ilsuiw


Innate Abilities, Weirdness & Mutations

You reflexively headbutt those who attack you in melee.
You have a pair of horns on your head.
Your flesh is cold resistant.
You are somewhat resistant to further mutation.
Your spells are a little harder to cast, but a little more powerful.


Message History

Unknown command.
Unknown command.
Use which ability?
You fail to use your ability.
* * * LOW HITPOINT WARNING * * *
Your lungs strain for air!
The water elemental hits you!
* * * LOW HITPOINT WARNING * * *
The merfolk aquamancer hits you but does no damage.
You partially resist.
You feel drained.
Unknown command.
Unknown command.
Use which ability?
You feel strangely unstable.
You feel somewhat more hungry.
* * * LOW HITPOINT WARNING * * *
Your lungs strain for air!
The water elemental misses you.
The merfolk aquamancer points at you and mumbles some strange words.
The great wave of water hits you!
You die...

≈≈≈≈≈≈≈≈≈≈≈≈≈≈≈≈≈≈≈
≈≈≈≈≈≈≈≈≈≈≈≈≈≈≈≈≈≈≈≈
≈≈≈≈≈≈≈≈≈≈≈≈≈≈≈≈≈≈≈≈
≈≈≈≈≈≈≈≈≈≈≈≈≈≈≈≈≈≈≈≈
≈≈≈≈≈≈≈≈≈≈≈≈≈≈≈≈≈≈≈≈
≈≈≈≈≈≈≈≈≈≈≈≈≈≈≈≈≈≈≈≈
≈≈≈≈≈≈≈≈≈...≈≈≈≈≈≈≈≈
≈≈≈≈≈≈≈.###.E≈≈≈≈≈≈≈
≈≈≈≈≈≈..# #@≈≈≈≈≈≈≈≈
≈≈≈≈≈...###.m≈≈≈≈≈≈≈
≈≈≈≈≈..>.####≈≈≈≈≈≈≈
≈≈≈≈..#### .≈≈≈≈≈≈
≈≈≈≈.# .≈≈≈≈≈≈ ≈≈≈≈.
≈≈≈≈≈≈≈ ≈≈≈≈.
≈≈≈≈≈≈≈ ≈≈≈≈ ≈≈≈≈≈≈≈
≈≈≈


You could see a merfolk aquamancer and a water elemental.

Vanquished Creatures
  An Ice Fiend (IceCv)
  A kraken (Shoals:4)
  Louise (Shoals:2)
  2 merfolk javelineers (Shoals:4)
  3 merfolk impalers
  A minotaur (Lab)
  An alligator snapping turtle (Shoals:4)
  2 merfolk aquamancers (Shoals:4)
  A merfolk avatar (Shoals:1)
  8 hydras
  2 centaur warriors
  5 orc high priests (Orc:4)
  2 death yaks
  6 ice devils (IceCv)
  5 sea snakes
  3 ice statues (IceCv)
  A deep troll (shapeshifter) (D:12)
  3 hill giants
  An orc sorcerer (Orc:3)
  6 harpies (Shoals:4)
  3 manticores
  2 griffons
  5 water nymphs
  2 elephants (Lair:4)
  2 fauns (Shoals:4)
  A cyclops (Shoals:4)
  A black mamba (Lair:8)
  3 sirens
  A torpor snail (Lair:6)
  Psyche (D:8)
  3 anaconda simulacra (IceCv)
  3 gargoyles
  4 komodo dragons
  10 spiny frogs
  A redback zombie (D:13)
  3 fire drakes
  17 merfolk
  3 polar bears (Lair:4)
  6 blue devils (IceCv)
  4 trolls
  2 snapping turtles
  A slime creature (D:12)
  2 wind drakes
  A two-headed ogre (D:9)
  8 blink frogs
  A wraith (D:12)
  47 yaks
  A shadow (D:11)
  A dire elephant simulacrum (IceCv)
  7 water elementals
  3 basilisks
  13 hippogriffs
  A deep elf mage (D:13)
  2 wyverns
  A steam dragon (D:11)
  6 wolves
  13 water moccasins
  A hydra simulacrum (IceCv)
  3 wargs
  A harpy simulacrum (IceCv)
  An eye of draining (D:13)
  5 porcupines
  Duvessa (D:7)
  2 ice beasts (D:11)
  24 orc warriors
  3 sky beasts
  8 ogres
  A phantom (D:3)
  8 centaurs
  10 crocodiles
  3 wasps
  A gnoll sergeant (D:4)
  2 big kobolds (D:8)
  Dowan (D:7)
  10 giant frogs
  4 scorpions
  A killer bee (D:11)
  An electric eel (Lair:3)
  A quasit (D:11)
  3 centaur zombies
  4 crimson imps
  2 giant frog zombies
  3 hounds
  4 jellies
  46 orc priests
  2 hell rats (Lair:2)
  7 worker ants
  8 iguanas
  13 orc wizards
  2 big kobold zombies (Ossuary)
  20 sheep
  4 mummies (Ossuary)
  11 gnolls
  26 river rats
  8 adders
  2 shadow imps
  12 white imps (Shoals:1)
  A worm (Lair:4)
  2 adder zombies (D:8)
  3 giant geckos
  177 orcs
  5 giant cockroaches
  3 goblins
  2 hobgoblins
  5 quokkas
  2 bats (D:2)
  2 giant newts (D:3)
  3 gnoll zombies (Ossuary)
  3 jackals (D:7)
  7 kobolds
  A kobold zombie (Ossuary)
  A quokka skeleton (D:9)
  10 rats
  3 fungi
  11 plants
  A tentacle (Shoals:4)
  A tentacle segment (Shoals:4)
752 creatures vanquished.

Vanquished Creatures (collateral kills)
  Jorgrun (Shoals:2)
  Aizul (Shoals:2)
  2 merfolk javelineers (Shoals:4)
  3 merfolk impalers
  A hydra (Lair:4)
  A merfolk avatar (Shoals:4)
  2 merfolk aquamancers (Shoals:4)
  A satyr (Shoals:4)
  An orc high priest (Orc:4)
  Sonja (Lair:4)
  A harpy (Shoals:4)
  A lindwurm (Lair:5)
  3 griffons (Shoals:4)
  A faun (Shoals:4)
  A siren (Shoals:4)
  A manticore (Shoals:4)
  A gargoyle (Volcano)
  A komodo dragon (Lair:4)
  An efreet (Volcano)
  6 merfolk (Shoals:4)
  A yak (Lair:4)
  A water moccasin (Lair:4)
  A warg (Orc:4)
  A porcupine (Lair:4)
  An electric eel (Lair:4)
  An orc priest (Orc:4)
  4 orcs (Orc:4)
  A giant cockroach (Lair:4)
42 creatures vanquished.

Vanquished Creatures (others)
  A hill giant (D:11)
  An orc warrior (D:11)
  4 killer bees (D:11)
  An orc (Orc:3)
  6 fungi (Lair:8)
  17 plants
  8 tentacles (Shoals:4)
  106 tentacle segments (Shoals:4)
144 creatures vanquished.

Grand Total: 938 creatures vanquished

Notes
Turn   | Place    | Note
--------------------------------------------------------------
     0 | D:1      | 4thArraOfDagon the Minotaur Fighter began the quest for the Orb.
     0 | D:1      | Reached XP level 1. HP: 19/19 MP: 0/0
    97 | D:2      | Reached XP level 2. HP: 18/27 MP: 1/1
   161 | D:2      | Reached skill level 4 in Armour
   161 | D:2      | Reached XP level 3. HP: 33/33 MP: 2/2
   186 | D:3      | Learned a level 2 spell: Repel Missiles
   393 | D:4      | Reached XP level 4. HP: 40/40 MP: 3/3
   445 | D:4      | Noticed a scorpion
   453 | D:4      | Killed a scorpion
   453 | D:4      | Reached skill level 5 in Axes
   453 | D:4      | Reached XP level 5. HP: 47/47 MP: 4/4
   501 | D:4      | Noticed a gnoll sergeant
   530 | D:4      | Killed a gnoll sergeant
   540 | D:4      | Reached skill level 5 in Fighting
   622 | D:4      | Reached XP level 6. HP: 50/56 MP: 5/5
   624 | D:4      | Reached skill level 6 in Axes
   666 | D:4      | Found Xasmid's Armour Shoppe.
   691 | D:5      | Entered Level 5 of the Dungeon
   693 | D:5      | Found a sparkling altar of Nemelex Xobeh.
   696 | D:5      | Reached skill level 5 in Armour
   849 | D:5      | Reached skill level 7 in Axes
   849 | D:5      | Reached XP level 7. HP: 53/61 MP: 6/6
  1026 | D:6      | Gained mutation: Your flesh is cold resistant. [potion of mutation]
  1026 | D:6      | Gained mutation: Your body sometimes deteriorates upon taking damage. [potion of mutation]
  1026 | D:6      | Gained mutation: Your spells are a little harder to cast, but a little more powerful. [potion of mutation]
  1118 | D:6      | Found an ancient bone altar of Kikubaaqudgha.
  1154 | D:6      | Found a sand-covered staircase.
  1159 | Ossuary  | Entered an ossuary
  1240 | Ossuary  | Reached skill level 8 in Axes
  1324 | Ossuary  | Gained mutation: You are somewhat resistant to further mutation. [potion of mutation]
  1558 | D:6      | Reached XP level 8. HP: 47/71 MP: 7/7
  1610 | D:7      | Found a staircase to the Ecumenical Temple.
  1619 | Temple   | Entered the Ecumenical Temple
  1645 | Temple   | Became a worshipper of Makhleb the Destroyer
  1750 | D:8      | Noticed a hill giant
  1753 | D:8      | Noticed a fire drake
  1753 | D:8      | Lost mutation: Your body sometimes deteriorates upon taking damage. [helix card]
  1821 | D:7      | Noticed Duvessa
  1821 | D:7      | Noticed Dowan
  1829 | D:7      | Killed Duvessa
  1829 | D:7      | Reached skill level 1 in Invocations
  1835 | D:7      | Killed Dowan
  1835 | D:7      | Reached skill level 1 in Evocations
  1888 | D:8      | Reached skill level 9 in Axes
  1940 | D:8      | Noticed a centaur warrior
  1952 | D:8      | Killed a centaur warrior
  1952 | D:8      | Reached XP level 9. HP: 32/79 MP: 8/10
  2062 | D:8      | Reached * piety under Makhleb
  2100 | D:8      | Killed a fire drake
  2100 | D:8      | Reached skill level 10 in Axes
  2111 | D:8      | Noticed a green ugly thing
  2115 | D:8      | Noticed Psyche
  2165 | D:8      | Found a staircase to the Lair.
  2228 | D:10     | Entered Level 10 of the Dungeon
  2359 | D:9      | Found a stormy altar of Qazlal.
  2484 | D:11     | Noticed a gargoyle
  2539 | D:11     | Reached skill level 5 in Invocations
  2600 | D:11     | Noticed a hill giant
  2614 | D:11     | Reached XP level 10. HP: 65/88 MP: 12/12
  2625 | D:11     | Killed a hill giant
  2625 | D:11     | Reached skill level 5 in Evocations
  2629 | D:11     | Reached ** piety under Makhleb
  2658 | D:11     | Killed a gargoyle
  2658 | D:11     | Reached skill level 11 in Axes
  2678 | D:11     | Noticed Maurice
  2720 | D:11     | Noticed a hill giant
  2734 | D:11     | Killed a hill giant
  2840 | D:11     | Found Bituv's Magic Scroll Emporium.
  2865 | D:11     | Found a staircase to the Orcish Mines.
  2865 | D:11     | Found Linoxoru's Armour Boutique.
  3088 | D:12     | You fall through a shaft for 2 floors!
  3088 | D:14     | Noticed a five-headed hydra
  3089 | D:14     | :(
  3101 | D:14     | Reached *** piety under Makhleb
  3113 | D:14     | Reached XP level 11. HP: 41/95 MP: 15/15
  3122 | D:14     | Noticed a skeletal warrior
  3123 | D:14     | Noticed a skeletal warrior
  3158 | D:14     | Found Zovaun's Food Boutique.
  3158 | D:14     | Noticed a catoblepas
  3159 | D:14     | Noticed a skeletal warrior
  3210 | D:13     | Noticed a centaur warrior
  3304 | D:13     | Learned a level 3 spell: Regeneration
  3306 | D:13     | Learned a level 1 spell: Animate Skeleton
  3310 | D:13     | Learned a level 2 spell: Swiftness
  3340 | D:13     | Noticed an eight-headed hydra
  3364 | D:13     | Found a gate to the Vaults.
  3365 | D:13     | Noticed an enchanted long sword
  3365 | D:13     | Noticed an enchanted long sword
  3555 | D:12     | Noticed a hill giant
  3563 | D:12     | Killed a hill giant
  3563 | D:12     | Reached skill level 12 in Axes
  3571 | D:12     | Noticed a centaur warrior
  3640 | D:12     | Killed a centaur warrior
  3697 | D:12     | Noticed a death drake
  3697 | D:12     | a komodo dragon changed into a death drake
  3704 | D:12     | Noticed a deep troll
  3704 | D:12     | a death drake changed into a deep troll
  3706 | D:12     | Killed a deep troll
  3755 | D:12     | Noticed an eight-headed hydra
  3755 | D:12     | Noticed a yaktaur captain
  3755 | D:12     | Noticed a red ugly thing
  3868 | D:12     | Reached **** piety under Makhleb
  4086 | Orc:1    | Entered Level 1 of the Orcish Mines
  4195 | Orc:2    | Reached ***** piety under Makhleb
  4320 | Orc:3    | Found Axkaoty's Gadget Boutique.
  4380 | Orc:3    | Reached skill level 13 in Axes
  4453 | Orc:3    | Found Funoef's Armour Shop.
  4474 | Orc:3    | Found Plog's Antique Armour Emporium.
  4483 | Orc:3    | Found Ulin's Book Shoppe.
  4506 | Orc:3    | Reached skill level 10 in Armour
  4570 | Orc:4    | Entered Level 4 of the Orcish Mines
  4642 | Orc:4    | Noticed an orc high priest
  4674 | Orc:4    | Killed an orc high priest
  4682 | Orc:4    | Noticed an orc high priest
  4694 | Orc:4    | Killed an orc high priest
  4694 | Orc:4    | Reached XP level 12. HP: 93/106 MP: 16/18
  4706 | Orc:4    | Reached ****** piety under Makhleb
  4711 | Orc:4    | Noticed an orc high priest
  4712 | Orc:4    | Noticed an orc high priest
  4713 | Orc:4    | Noticed an orc high priest
  4718 | Orc:4    | Killed an orc high priest
  4718 | Orc:4    | Reached skill level 10 in Fighting
  4757 | Orc:4    | Found a roughly hewn altar of Beogh.
  5047 | Orc:4    | Found Jupamir's Magic Scroll Shop.
  5047 | Orc:4    | Found Yneaxo's Assorted Antiques.
  5053 | Orc:4    | Bought a scroll labeled PIOQOUVOOPN for 30 gold pieces
  5053 | Orc:4    | Bought a glowing battleaxe for 195 gold pieces
  5064 | Orc:4    | Bought a scroll of magic mapping for 49 gold pieces
  5163 | Orc:4    | Noticed an orc high priest
  5163 | Orc:4    | Noticed an orc high priest
  5298 | Orc:4    | Killed an orc high priest
  5298 | Orc:4    | Reached skill level 14 in Axes
  5382 | Orc:4    | Killed an orc high priest
  5393 | Orc:4    | Killed an orc high priest
  5414 | Orc:4    | Found Betrigu's Armour Shop.
  5414 | Orc:4    | Found Aguroim's Weapon Emporium.
  5467 | Orc:3    | Found Dadu Zyblu's Armour Boutique.
  5524 | Orc:3    | Found a staircase to the Elven Halls.
  5561 | Orc:3    | Found a roughly hewn altar of Beogh.
  5918 | D:11     | Bought the +2 hat of the Bear Spirit {Spirit, +Rage rN+ MR++} for 508 gold pieces
  5963 | D:11     | Bought a scroll of magic mapping for 56 gold pieces
  6038 | D:8      | Paralysed by something for 5 turns
  6042 | D:8      | Killed Psyche
  6051 | D:8      | Killed a hill giant
  6206 | Lair:1   | Entered Level 1 of the Lair of Beasts
  6244 | Lair:1   | Noticed a four-headed hydra
  6458 | Lair:4   | Noticed a six-headed hydra
  6466 | Lair:4   | Noticed Sonja
  6472 | Lair:4   | Killed Sonja
  6474 | Lair:4   | Reached skill level 15 in Axes
  6479 | Lair:4   | Killed a six-headed hydra
  6564 | Lair:5   | Found a staircase to the Shoals.
  6599 | Lair:5   | Found a dark tunnel.
  6606 | Volcano  | Entered a volcano
  6752 | Lair:5   | Found a labyrinth entrance.
  6757 | Lab      | Entered a labyrinth
  6771 | Lab      | Noticed a minotaur
  6777 | Lab      | Killed a minotaur
  6839 | Lair:5   | Reached XP level 13. HP: 104/116 MP: 12/19
  6856 | Lair:5   | Noticed a seven-headed hydra
  6859 | Lair:5   | Killed a four-headed hydra
  6959 | Lair:6   | Reached skill level 16 in Axes
  7122 | Lair:8   | Entered Level 8 of the Lair of Beasts
  7190 | Lair:7   | Reached skill level 17 in Axes
  7240 | Lair:8   | Found a blossoming altar of Fedhas.
  7614 | Lair:5   | Reached skill level 18 in Axes
  7651 | Lair:4   | Noticed a six-headed hydra
  7660 | Lair:4   | Killed a one-headed hydra
  7687 | Lair:4   | Reached XP level 14. HP: 122/124 MP: 12/20
  8060 | D:4      | Noticed a phantom
  8095 | D:3      | Killed a phantom
  8153 | D:3      | Found an opulent altar of Gozag.
  8285 | D:4      | Bought the +2 cloak of Starlight {rElec rC+ EV+4 Stlth--} for 693 gold pieces
  8420 | Lair:1   | Killed a two-headed hydra
  8598 | Shoals:1 | Entered Level 1 of the Shoals
  8701 | Shoals:1 | Found a frozen archway.
  8729 | IceCv    | Entered an ice cave
  8741 | IceCv    | Reached skill level 19 in Axes
  8827 | IceCv    | Noticed an Ice Fiend
  8832 | IceCv    | Killed an Ice Fiend
  9090 | Shoals:2 | Noticed Louise
  9096 | Shoals:2 | Noticed Aizul
  9099 | Shoals:2 | Killed Louise
  9104 | Shoals:2 | Killed Aizul
  9104 | Shoals:2 | Reached skill level 20 in Axes
  9105 | Shoals:2 | Noticed Jorgrun
  9114 | Shoals:2 | Killed Jorgrun
  9114 | Shoals:2 | Reached skill level 15 in Armour
  9248 | Shoals:2 | Noticed Polyphemus
  9286 | Shoals:4 | Entered Level 4 of the Shoals
  9344 | Shoals:4 | Reached XP level 15. HP: 100/130 MP: 9/21
  9532 | Shoals:3 | Got an ichor-stained chain mail
  9570 | Shoals:3 | Identified the +8 chain mail of Inviolability {rC+ Str+4} (You found it on level 3 of the Shoals)
  9690 | Shoals:4 | Noticed Ilsuiw
  9758 | Shoals:4 | Reached skill level 1 in Air Magic
  9811 | Shoals:4 | Reached skill level 1 in Charms
  9854 | Shoals:4 | Reached skill level 1 in Necromancy
  9858 | Shoals:4 | Got a transparent platinum amulet
  9861 | Shoals:4 | Identified the amulet "Vepueg" {Gourm rElec MR+} (You found it on level 4 of the Shoals)
 10093 | Shoals:4 | Noticed a kraken
 10253 | Shoals:4 | Reached skill level 1 in Spellcasting
 10290 | Shoals:4 | Killed a kraken
 10290 | Shoals:4 | Reached skill level 21 in Axes
 10296 | Shoals:4 | Got a barnacled rune of Zot
 10389 | Shoals:2 | Killed from afar by a merfolk aquamancer

Vault maps used:
D:1:      minmay_arrival_shoal_huts
D:2:      minmay_door_path, kennysheep_decorative_pillar,
          uniq_crazy_yiuf_cottage
D:3:      nicolae_overflow_hidden_temple
D:4:      serial_shops, kennysheep_mini_moat, lightli_minifort
D:5:      xom_butterflies, first_bread, nemelex_deck
D:6:      lemuel_doored_altar, enter_ossuary_2
D:7:      minmay_temple_entry_poolview, uniq_duvessa
D:8:      minmay_opposing_rooms, tgw_sif, minmay_lair_entry_lava, uniq_psyche
D:9:      nicolae_qazlal_eye_of_the_storm, old_standard_altar, tso_metal_star
D:10:     uniq_nergalle
D:11:     orc_david_3, serial_shops, shop, pond, uniq_maurice
D:12:     kennysheep_green_arena, special_room, the_bakery,
          yredelemnul_altar_generic
D:13:     erik_vaults_1
D:14:     serial_shops, shop, minivault_11
Temple:   circular_temple_12
Lair:1:   wad_woods_river_04, ldierk_geyser, uniq_urug
Lair:2:   kennysheep_abandoned_house, serial_bayou_shore_b
Lair:3:   serial_bayou, serial_bayou_pond_b, serial_bayou_crossing,
          serial_bayou_shore_b, serial_bayou_pond_b, st_stairs_12,
          grunt_megastairs_1, infiniplex_staircase_pool
Lair:4:   nicolae_spider_entry_non_spiders, beast_lair_carwin_6,
          serial_bayou_shore_a, uniq_sonja
Lair:5:   elwin_shoals_entry_rocks, lab_entry_generic,
          nicolae_volcano_entry_vermiform, grunt_forest_small_clearings,
          beast_lair_carwin_2
Lair:7:   dpeg_slime_entry_enclosed_altar
Lair:8:   wormcave, tgw_fedhas
Shoals:1: portal_ice_cave_entry_imps, nicolae_shoals_arrival_archipelago
Shoals:2: uniq_polyphemus, uniq_louise, uniq_jorgrun, uniq_aizul
Shoals:3: uniq_donald
Shoals:4: shoals_end_hangedman, shoals_ilsuiw_alternative
Orc:3:    basic_altar, serial_shops, shop,
          nicolae_shop_temple_entry_statues_fountains, shop, shop,
          nicolae_shop_temple_entry_statues_fountains, nicolae_orc_pool_cavern
Orc:4:    st_orc_town, mines2_lemuel
Ossuary:  ossuary_crypta
IceCv:    ice_cave_tombish
Volcano:  volcano_overflow

Action                   |  1- 3 |  4- 6 |  7- 9 | 10-12 | 13-15 || total
-------------------------+-------+-------+-------+-------+-------++-------
Melee: War axe           |    42 |    68 |   157 |       |       ||   267
       Battleaxe         |       |       |    74 |   756 |       ||   830
       Executioner's axe |       |       |       |    21 |   690 ||   711
Throw: Throwing net      |       |     1 |       |       |       ||     1
 Cast: Repel Missiles    |       |       |     1 |       |       ||     1
Invok: Lesser Servant of |       |       |       |     2 |    11 ||    13
       Greater Servant o |       |       |       |     2 |     5 ||     7
 Abil: Evoke Teleportati |       |       |       |    33 |    26 ||    59
       Evoke Berserk Rag |       |       |       |     9 |     5 ||    14
Evoke: Deck              |       |       |     3 |       |       ||     3
       Wand              |       |       |     5 |    21 |       ||    26
  Use: Scroll            |       |     7 |     6 |     7 |    21 ||    41
       Potion            |       |       |     6 |     6 |     4 ||    16
 Stab: Invisible         |       |       |     1 |     8 |       ||     9
       Distracted        |       |       |       |       |     5 ||     5
  Eat: Chunk             |       |     1 |     7 |    26 |    21 ||    55
       Fruit             |       |       |     3 |     1 |     8 ||    12
       Bread ration      |       |       |       |     3 |       ||     3
       Pizza             |       |       |       |     2 |     1 ||     3
       Beef jerky        |       |       |       |     1 |     1 ||     2
